 Dungeon Crawl Stone Soup version 0.30-b1-2-g02819fbbbe (webtiles) character file.

Game seed: 18207661441329377855

1308 drmikefisher the Cleaver (level 8, -5/70 HPs)
             Began as a Hill Orc Fighter on May 31, 2023.
             Was a Follower of Zin.
             Slain by a gnoll
             ... wielding a +0 halberd
             ... led by a gnoll bouda
              (9 damage)
             ... on level 5 of the Dungeon on June 2, 2023.
             The game lasted 00:35:46 (4619 turns).

drmikefisher the Cleaver (Hill Orc Fighter)         Turns: 4619, Time: 00:35:47

Health: -5/70      AC: 17    Str: 27    XL:     8   Next: 58%
Magic:  8/8        EV:  9    Int:  8    God:    Zin [*.....]
Gold:   189        SH:  5    Dex: 10    Spells: 7/7 levels left

rFire   . . .        a - +0 war axe
rCold   + . .        c - +0 buckler
rNeg    . . .        F - +0 chain mail
rPois   .            L - +0 helmet
rElec   .            (no cloak)
rCorr   .            (no gloves)
SInv    .            (no boots)
Will    .....        (no amulet) Stlth
                     w - +6 ring of strength
HPRegen 0.31/turn    M - +4 ring of protection
MPRegen 0.11/turn

%: no passive effects
@: no status effects
A: iridescent scales 1, cold resistance 1, inability to read after injury 1,
MP-powered wands
a: Renounce Religion, Convert to Beogh, Recite, Donate Gold


You were on level 5 of the Dungeon.
You worshipped Zin.
Zin was aware of your devotion.
You visited 1 branch of the dungeon, and saw 6 of its levels.

You collected 209 gold pieces.
You donated 20 gold pieces to Zin.

Inventory:

Hand Weapons
 a - a +0 war axe (weapon)
 d - a +2 halberd of venom
 e - a +0 spear
 g - a +0 long sword
 m - a +0 dagger
 u - a +0 club
 x - a +0 spear
 A - a +0 flail
 B - a +0 falchion
 D - a +0 war axe
 G - a +2 sling of flaming
 U - a +2 whip of flaming
 V - a +0 halberd
Missiles
 h - 18 poisoned darts (quivered)
 r - 29 stones
Armour
 b - a +0 scale mail
 c - a +0 buckler (worn)
 y - a +0 buckler
 F - a +0 chain mail (worn)
 L - a +0 helmet (worn)
Magical Staves
 t - a staff of fire
Jewellery
 w - a +6 ring of strength (left hand)
 I - a ring of protection from cold
 K - a ring of poison resistance
 M - a +4 ring of protection (right hand)
 S - a +5 ring of evasion
 T - a ring of fire
Wands
 R - a wand of flame (37)
Scrolls
 f - 2 scrolls of fear {unknown}
 i - a scroll of blinking {unknown}
 n - a scroll of enchant weapon {unknown}
 o - 4 scrolls of identify {unknown}
 s - a scroll of enchant armour {unknown}
 z - 2 scrolls of teleportation {unknown}
 C - a scroll of torment {unknown}
 N - a scroll of poison {unknown}
 O - a scroll of acquirement {unknown}
Potions
 k - 3 potions of heal wounds {unknown}
 p - 2 potions of lignification {unknown}
 q - a potion of brilliance {unknown}
 v - 2 potions of ambrosia {unknown}
 H - a potion of degeneration {unknown}
 J - 2 potions of cancellation {unknown}


   Skills:
 + Level 5.7 Fighting
 * Level 10.3 Axes
 + Level 5.0 Armour
 + Level 1.1 Dodging
 * Level 5.3 Shields


You had 7 spell levels left.
You didn't know any spells.
Your spell library contained the following spells:

 Spells                   Type           Power      Damage    Failure   Level
 Frozen Ramparts          Ice            0%         1d1       100%        3
 Ice Form                 Ice/Tmut       0%         N/A       100%        4
 Summon Ice Beast         Ice/Summ       0%         N/A       100%        4


Dungeon Overview and Level Annotations

Branches:
Dungeon (6/15)
 Temple: D:4-7

Altars:
Zin

Shops:
D:2 *   D:5 (

Annotations:
D:5 Blork the orc, Dowan, Duvessa


Innate Abilities, Weirdness & Mutations

You are partially covered in iridescent scales. (AC +2)
Your flesh is cold resistant. (rC+)
You occasionally lose the ability to read scrolls when taking damage.
You expend magic power (3 MP) to strengthen your wands.


Message History

The quokka bites you.
* * * LOW HITPOINT WARNING * * *
You closely miss the quokka. The quokka bites you.
* * * LOW HITPOINT WARNING * * *
You miss the quokka. The gnoll hits you but does no damage.
The quokka bites you but does no damage.
You barely miss the quokka.
The quokka bites you but does no damage.
The gnoll hits you from afar with a +0 spear.
* * * LOW HITPOINT WARNING * * *
You closely miss the quokka. The quokka closely misses you.
The gnoll hits you but does no damage.
The quokka bites you but does no damage.
You slash the quokka!
You kill the quokka!
The gnoll hits you from afar with a +0 halberd.
* * * LOW HITPOINT WARNING * * *
The gnoll misses you.
The hound pauses to sniff the ground.
You closely miss the quokka. The quokka barely misses you.
The gnoll barely misses you. The gnoll completely misses you.
The quokka bites you.
* * * LOW HITPOINT WARNING * * *
You slash the quokka!
You kill the quokka!
You hear the rapid rusting of a drain nearby.
The orc priest looks encouraged for a moment.
The gnoll hits you from afar with a +0 halberd.
* * * LOW HITPOINT WARNING * * *
The gnoll hits you but does no damage. You block the giant cockroach's attack.
The gnoll hits you but does no damage. x2
It was a potion of mutation.
You feel extremely strange.
Iridescent scales grow over part of your body.
You occasionally lose the ability to read scrolls when taking damage.
You feel resistant to cold.
You feel your magical essence link to the dungeon's wands.
Zin forgives your inadvertent chaotic act, just this once.
The giant cockroach barely misses you.
The gnoll hits you from afar with a +0 halberd!
You die...

##############
####............##..
#......ogg§........#
#.≈≈≈≈≈≈§≈≈§.≈.##..
#§§..BB@§..≈e≈s#
#.§.≈§≈§≈≈.≈S§e#####
#§§.≈....≈.≈h≈.#....
#.≈§≈§§≈§§§≈o§...#
#.≈§≈§§∩§§§≈r≈§###
##.≈§≈§≈≈≈§.≈§§.#
#..§§≈.§....≈.≈.#
#..§§≈≈≈≈§≈§≈.≈§#
#.§§.......o..≈.#


You could see Duvessa, Dowan, a scorpion, a hound, an orc priest, 2 gnolls, an
adder, an orc, a quokka and 2 giant cockroaches.

Vanquished Creatures
  Pikel (D:4)
  2 ogres (D:4)
  A phantom (D:4)
  3 scorpions
  3 hounds
  3 jellies
  A gnoll bouda (D:6)
  An iguana (D:3)
  Natasha (D:1)
  5 gnolls
  7 adders
  2 worms
  4 dart slugs
  9 orcs
  11 ball pythons
  8 endoplasms
  3 giant cockroaches
  7 goblins
  5 hobgoblins
  4 jackals (D:2)
  7 quokkas
  A bat (D:1)
  2 frilled lizards (D:1)
  3 kobolds
  3 rats
97 creatures vanquished.

Vanquished Creatures (others)
  A plant (D:1)
1 creature vanquished.

Grand Total: 98 creatures vanquished

Notes
Turn   | Place    | Note
-------+----------+-------------------------------------------
     0 | D:1      | drmikefisher the Hill Orc Fighter began the quest for the
                  | Orb.
     0 | D:1      | Reached XP level 1. HP: 19/19 MP: 1/1
   260 | D:1      | Reached XP level 2. HP: 24/27 MP: 2/2
   421 | D:1      | Reached skill level 3 in Axes
   531 | D:1      | Found a faded altar of an unknown god.
   606 | D:1      | Reached XP level 3. HP: 33/33 MP: 3/3
  1098 | D:2      | Reached XP level 4. HP: 38/41 MP: 4/4
  1167 | D:2      | Noticed Natasha
  1347 | D:1      | Killed Natasha
  1426 | D:2      | Found Geemag's Assorted Antiques.
  1518 | D:2      | Reached skill level 4 in Axes
  2391 | D:3      | Reached XP level 5. HP: 10/47 MP: 5/5
  2865 | D:3      | Reached skill level 5 in Axes
  2937 | D:3      | Found a glowing silver altar of Zin.
  2960 | D:3      | Became a worshipper of Zin the Law-Giver
  2960 | D:3      | Reached * piety under Zin
  3133 | D:4      | Noticed a phantom
  3151 | D:4      | Reached skill level 5 in Fighting
  3151 | D:4      | Reached XP level 6. HP: 51/56 MP: 6/6
  3174 | D:4      | Reached skill level 6 in Axes
  3174 | D:4      | Reached skill level 1 in Dodging
  3439 | D:4      | Reached skill level 7 in Axes
  3439 | D:4      | Reached XP level 7. HP: 61/61 MP: 7/7
  3817 | D:4      | Noticed Pikel
  3831 | D:4      | Killed Pikel
  3832 | D:4      | Reached skill level 9 in Axes
  3832 | D:4      | Reached XP level 8. HP: 57/70 MP: 8/8
  3969 | D:5      | Entered Level 5 of the Dungeon
  3973 | D:5      | Reached skill level 5 in Shields
  4016 | D:5      | Reached skill level 10 in Axes
  4494 | D:5      | Reached skill level 5 in Armour
  4522 | D:5      | Found Lutois's Weapon Boutique.
  4574 | D:5      | Noticed Blork the orc
  4576 | D:5      | Noticed Duvessa
  4579 | D:5      | Noticed Dowan
  4619 | D:5      | Gained mutation: You are partially covered in iridescent
                  | scales. (AC +2) [potion of mutation]
  4619 | D:5      | Gained mutation: You occasionally lose the ability to read
                  | scrolls when taking damage. [potion of mutation]
  4619 | D:5      | Gained mutation: Your flesh is cold resistant. (rC+)
                  | [potion of mutation]
  4619 | D:5      | Gained mutation: You expend magic power (3 MP) to
                  | strengthen your wands. [potion of mutation]
  4619 | D:5      | Slain by a gnoll

Illustrated notes

Levels and vault maps discovered:
D:1:      lemuel_arrival_muddy, layout_basic,
          shapermc_ecumenical_altar_starsandcircs
D:2:      layout_basic, serial_shops, shop, kennysheep_generic_room_6,
          uniq_natasha
D:3:      layout_loops_ring, mainiacjoe_overflow_alcove_2
D:4:      layout_basic, uniq_pikel
D:5:      layout_rooms, minmay_temple_entry_proselytizer, portal_sewer_entry_f,
          chequers_serial_rivers_micro_c, grunt_ministairs_4,
          nicolae_inconvenience_store, nicolae_sextant, uniq_blork_the_orc,
          uniq_duvessa
D:6:      layout_basic, minmay_misc_feat_secret_circle, serial_bayou_pond_b

Skill      XL: |  1  2  3  4  5  6  7  8 |
---------------+-------------------------+-----
Axes           | 3 4 5 7 9 10 | 10.3
Fighting       | 4 5 |  5.7
Shields        | 4 5 |  5.3
Armour         | 4 5 |  5.0
Dodging        | 1 |  1.1

Action                     |  1- 3 |  4- 6 |  7- 9 || total
---------------------------+-------+-------+-------++-------
  Melee: War axe           |    86 |   136 |   113 ||   335
  Throw: Dart              |       |     1 |       ||     1
    Use: Potion            |       |     2 |    10 ||    12
 Armour: Scale mail        |    47 |    33 |       ||    80
         Chain mail        |       |    31 |    65 ||    96
  Dodge: Dodged            |    55 |    58 |    72 ||   185
  Block: Buckler           |    32 |    37 |    27 ||    96
